 Dungeon Crawl Stone Soup version 0.20.1-1-g8b1a95d (webtiles) character file.

98 Kingsmith the Shield-Bearer (level 5, -13/41 HPs)
             Began as a Formicid Fighter on Dec 7, 2017.
             Mangled by an ogre
             ... wielding a +0 giant club
              (19 damage)
             ... on level 3 of the Dungeon.
             The game lasted 00:04:25 (1886 turns).

Kingsmith the Shield-Bearer (Formicid Fighter)      Turns: 1886, Time: 00:04:26

Health: -13/41     AC:  6    Str: 21    XL:     5   Next: 1%
Magic:  5/5        EV:  8    Int:  8    God:
Gold:   113        SH: 10    Dex: 10    Spells: 4/4 levels left

rFire    . . .     SeeInvis +   a - +0 long sword
rCold    . . .     Gourm    .   c - +0 shield
rNeg     . . .     Faith    .   b - +0 scale mail
rPois    .         Spirit   .   (helmet unavailable)
rElec    .         Reflect  .   (no cloak)
rCorr    .         Harm     .   (no gloves)
MR       .....                  (no boots)
Stlth    ..........             (no amulet)
Regen    0.2/turn               (no ring)
MPRegen  0.1/turn               (no ring)

@: no status effects
A: permanent stasis, dig shafts and tunnels, four strong arms, antennae 3
a: Dig, Shaft Self


You were on level 3 of the Dungeon.
You were hungry.

You visited 1 branch of the dungeon, and saw 3 of its levels.

You collected 113 gold pieces.

Inventory:

Hand Weapons
 a - a +0 long sword (weapon)
Armour
 b - a +0 scale mail (worn)
 c - a +0 shield (worn)
Scrolls
 i - a scroll of identify {unknown}
 k - a scroll of blinking {unknown}
 l - 2 scrolls of remove curse {unknown}
 m - a scroll of amnesia {unknown}
 n - a scroll of noise {unknown}
Potions
 d - 3 potions of might
 e - a potion of mutation {unknown}
 g - a potion of ambrosia {unknown}
 h - a potion of lignification {unknown}
 j - a potion of curing {unknown}
 r - a potion of brilliance {unknown}
Comestibles
 f - a bread ration
 o - 2 fruits
 q - 2 meat rations


   Skills:
 - Level 3.2 Fighting
 - Level 2.0 Long Blades
 - Level 3.2 Armour
 + Level 6.4 Shields


You had 4 spell levels left.
You didn't know any spells.

Dungeon Overview and Level Annotations

Branches:
Dungeon (3/15)

Altars:
Kikubaaqudgha


Innate Abilities, Weirdness & Mutations

You cannot be hasted, slowed, berserked, paralysed or teleported.
You can dig through walls and to a lower floor.
Your four strong arms can wield two-handed weapons with a shield.
You have a pair of large antennae on your head. (SInv)


Message History

The ogre is heavily wounded.
The ogre hits you with a giant club!
Your shield and scale mail prevent you from hitting the ogre.
The ogre is heavily wounded.
The ogre hits you with a giant club!
* * * LOW HITPOINT WARNING * * *
A goblin comes into view. It is wielding a dagger.
You are too injured to fight recklessly!
The goblin shouts!
There is a stone staircase leading up here.
You barely miss the ogre.
The ogre is heavily wounded.
The ogre closely misses you.
You hit the ogre.
The ogre is heavily wounded.
You block the ogre's attack.
You slash the ogre!
The ogre is almost dead.
The ogre hits you with a giant club!!
You die...

###### #..@.#
#.gO.#
#########....#
.............##
#####........#
#####.........#
####.............#
##....####........#
..................#


You could see an ogre and a goblin.

Vanquished Creatures
  3 adders (D:2)
  An ooze (D:2)
  2 worms (D:2)
  5 dart slugs
  6 bats
  3 giant cockroaches
  6 goblins
  8 hobgoblins
  2 jackals (D:2)
  6 kobolds
  6 frilled lizards
  A rat (D:2)
49 creatures vanquished.

Vanquished Creatures (others)
  A bat (D:2)
  4 toadstools (D:1)
5 creatures vanquished.

Grand Total: 54 creatures vanquished

Notes
Turn   | Place    | Note
-------+----------+-------------------------------------------
     0 | D:1      | Kingsmith the Formicid Fighter began the quest for the Orb.
     0 | D:1      | Reached XP level 1. HP: 18/18 MP: 1/1
    45 | D:1      | Reached skill level 4 in Shields
    89 | D:1      | Reached XP level 2. HP: 21/24 MP: 2/2
   240 | D:1      | Reached XP level 3. HP: 29/29 MP: 3/3
   372 | D:1      | Reached skill level 5 in Shields
   680 | D:2      | Found an ancient bone altar of Kikubaaqudgha.
   819 | D:2      | Reached XP level 4. HP: 30/35 MP: 4/4
  1072 | D:2      | Reached skill level 6 in Shields
  1483 | D:2      | Found a faded altar of an unknown god.
  1859 | D:3      | Noticed an ogre
  1863 | D:3      | Reached XP level 5. HP: 41/41 MP: 5/5
  1886 | D:3      | Mangled by an ogre

Skill      XL: |  1  2  3  4 |
---------------+-------------+-----
Shields        | 4 5 6 |  6.4
Fighting       | |  3.2
Long Blades    | |  2.0
Armour         | |  3.2

Action                   |  1- 3 |  4- 6 || total
-------------------------+-------+-------++-------
Melee: Long sword        |    82 |    62 ||   144
 Abil: Dig               |     1 |     3 ||     4
  Eat: Chunk             |       |     4 ||     4
Armor: Scale mail        |    31 |    23 ||    54
Dodge: Dodged            |    31 |    24 ||    55
Block: Shield            |    44 |    37 ||    81
       Rpst.: Long sword |     9 |     9 ||    18
